 Dungeon Crawl Stone Soup version 0.30-a0-718-geaa24f58ff (webtiles) character file.

Game seed: 15667459152121585864

555 oldriver the Ruffian (level 7, -1/61 HPs)
             Began as a Ghoul Fighter on Jan 26, 2023.
             Slain by a gnoll
             ... wielding a +0 spear
             ... led by a gnoll bouda
              (3 damage)
             ... on level 5 of the Dungeon.
             The game lasted 00:03:44 (3830 turns).

oldriver the Ruffian (Ghoul Fighter)                Turns: 3830, Time: 00:03:44

Health: -1/61      AC:  7    Str: 21 (22) XL:     7   Next: 30%
Magic:  6/6        EV: 10    Int:  2 (3)  God:
Gold:   270        SH:  4    Dex:  5 (8)  Spells: 6/6 levels left

rFire   . . .      SeeInvis .      - Unarmed
rCold   + + .      Faith    .    b - +0 buckler
rNeg    + + +      Spirit   .    p - +2 ring mail {rC+}
rPois   ∞          Reflect  .    (no helmet)
rElec   .          Harm     .    (no cloak)
rCorr   .          Rampage  .    (no gloves)
Will    .....                    (no boots)
Stlth   +                        (no amulet)
HPRegen 0.00/turn                (no ring)
MPRegen 0.10/turn                (no ring)

@: brilliant, weakened, inhibited regen, hasted, studying Unarmed Combat, very
quick
A: claws 1, cold resistance 1, negative energy resistance 3, inhibited
regeneration, torment resistance 2, devour on kill
a: no special abilities


You were on level 5 of the Dungeon.
You visited 1 branch of the dungeon, and saw 5 of its levels.

You collected 270 gold pieces.

Inventory:

Armour
 b - a +0 buckler (worn)
 p - a +2 ring mail of cold resistance (worn)
Jewellery
 g - an amulet of faith
 l - an amulet of regeneration
Wands
 h - a wand of flame (21)
Scrolls
 a - a scroll of brand weapon
 d - a scroll of teleportation
 f - 4 scrolls of identify
 k - a scroll of amnesia {unknown}
 q - a scroll of fog {unknown}
Potions
 c - 3 potions of might
 e - a potion of heal wounds {unknown}
 j - 4 potions of attraction
 o - a potion of haste


   Skills:
 - Level 5.0 Fighting
 - Level 4.0 Armour
 + Level 2.7 Stealth
 - Level 4.0 Shields
 * Level 6.9 Unarmed Combat


You had 6 spell levels left.
You didn't know any spells.
Your spell library contained the following spells:

 Spells                   Type           Power      Damage    Failure   Level
 Apportation              Tloc           0%         N/A       80%         1
 Necrotise                Necr           0%         1d4       80%         1
 Summon Small Mammal      Summ           0%         N/A       80%         1
 Portal Projectile        Hex/Tloc       0%         N/A       99%         3
 Tukima's Dance           Hex            0%         N/A       99%         3
 Blade Hands              Tmut           Unusable   N/A       N/A         5

Dungeon Overview and Level Annotations

Branches:
Dungeon (5/15)
 Temple: D:4-7

Altars:


Innate Abilities, Weirdness & Mutations

You are immune to poison.
You have sharp fingernails.
Your flesh is cold resistant. (rC+)
You are immune to negative energy. (rN+++)
You do not regenerate when monsters are visible.
You are immune to unholy pain and torment.
You thrive by killing the living.


Message History

The gnoll is no longer moving quickly.
The gnoll hits you from afar with a +0 spear.
The gnoll bouda barks out a call to the hunt!
The gnoll picks up the pace!
You see here a +0 flail.
You barely miss the gnoll bouda.
The gnoll bouda is heavily wounded.
The gnoll hits you from afar with a +0 spear.
The gnoll bouda hits you with a +0 whip!
* * * LOW HITPOINT WARNING * * *
You barely miss the gnoll bouda.
The gnoll bouda is heavily wounded.
The gnoll hits you from afar with a +0 spear.
* * * LOW HITPOINT WARNING * * *
The gnoll bouda hits you with a +0 whip.
* * * LOW HITPOINT WARNING * * *
The gnoll bouda attacks as you move away!
The gnoll bouda misses you.
The gnoll is no longer moving quickly.
Okay, then.
You feel better.
The gnoll bouda hits you with a +0 whip.
* * * LOW HITPOINT WARNING * * *
It was a potion of brilliance.
You feel clever all of a sudden.
The gnoll hits you from afar with a +0 spear.
* * * LOW HITPOINT WARNING * * *
The gnoll bouda gazes fiercely through you!
You feel your attacks grow feeble. The gnoll bouda closely misses you.
It was a potion of degeneration.
There was something very wrong with that liquid.
You feel weakened.
You feel dopey.
You feel clumsy.
The gnoll hits you from afar with a +0 spear.
* * * LOW HITPOINT WARNING * * *
The gnoll bouda hits you with a +0 whip.
* * * LOW HITPOINT WARNING * * *
It was a potion of haste.
You feel yourself speed up.
The gnoll hits you from afar with a +0 spear.
You die...

#........ #........
#.....[.. #### #..?...$.
#).# #........ #..#
#.O...... #..##
#######........
###...###
###.gggO..#......
.###....######..@#######
###.. ..#............###
#.#..........###
#.#..........#
...:.........#
.............###### .
..................#..
.............###.... .
.............##..# ...


You could see an ogre, a gnoll bouda and 2 gnolls.

Vanquished Creatures
  A black bear (D:5)
  A scorpion (D:5)
  A howler monkey (D:4)
  3 hounds
  A jelly (D:4)
  An orc wizard (D:2)
  2 gnolls
  7 adders
  A white imp (D:5)
  4 ufetubi
  3 adder zombies (D:3)
  2 dart slugs
  10 orcs
  11 ball pythons
  9 endoplasms
  5 giant cockroaches
  2 goblins
  7 hobgoblins
  5 jackals
  8 kobolds
  A ball python skeleton (D:3)
  A ball python zombie (D:3)
  4 bats
  2 frilled lizards (D:1)
  2 giant cockroach zombies (D:3)
  A quokka zombie (D:3)
  4 rats
99 creatures vanquished.

Vanquished Creatures (others)
  A withered plant (D:3)
1 creature vanquished.

Grand Total: 100 creatures vanquished

Notes
Turn   | Place    | Note
-------+----------+-------------------------------------------
     0 | D:1      | oldriver the Ghoul Fighter began the quest for the Orb.
     0 | D:1      | Reached XP level 1. HP: 19/19 MP: 0/0
    76 | D:1      | Reached XP level 2. HP: 17/26 MP: 1/1
   398 | D:1      | Reached XP level 3. HP: 19/33 MP: 2/2
  1092 | D:2      | Reached XP level 4. HP: 33/40 MP: 3/3
  1827 | D:3      | Reached skill level 3 in Unarmed Combat
  1827 | D:3      | Reached XP level 5. HP: 46/46 MP: 4/4
  2814 | D:4      | Reached skill level 4 in Unarmed Combat
  2954 | D:4      | Reached skill level 1 in Stealth
  2954 | D:4      | Reached XP level 6. HP: 35/53 MP: 5/5
  3443 | D:5      | Entered Level 5 of the Dungeon
  3449 | D:5      | Noticed a black bear
  3458 | D:5      | Reached skill level 5 in Unarmed Combat
  3471 | D:5      | Killed a black bear
  3657 | D:5      | Reached skill level 5 in Fighting
  3657 | D:5      | Reached skill level 6 in Unarmed Combat
  3657 | D:5      | Reached XP level 7. HP: 50/61 MP: 6/6
  3829 | D:5      | HP: 3/61 [gnoll/+0 spear[a gnoll bouda] (4)]
  3830 | D:5      | Slain by a gnoll

Illustrated notes

Levels and vault maps discovered:
D:1:      lemuel_arrival_river_bridge, layout_loops_cross,
          minmay_misc_feat_diagonals, nicolae_kite_square_tiling_tiny,
          minmay_misc_feat_cross, minmay_box_of_dots
D:2:      layout_basic
D:3:      layout_loops_ring, serial_undead, serial_undead_b, serial_undead_d,
          serial_undead_e, serial_undead_b
D:4:      layout_cave_pools, elyvilon_altar_1, kennysheep_generic_room_7
D:5:      layout_rooms, minmay_temple_entry_glass

Skill      XL: |  1  2  3  4  5  6 |
---------------+-------------------+-----
Armour         | 3 4 |  4.0
Shields        | 3 4 |  4.0
Fighting       | 4 5 |  5.0
Unarmed Combat | 3 4 6 |  6.9
Stealth        | 1 2 |  2.7

Action                     |  1- 3 |  4- 6 |  7- 9 || total
---------------------------+-------+-------+-------++-------
  Melee: Unarmed           |    97 |   239 |    29 ||   365
  Evoke: Wand              |       |     1 |       ||     1
    Use: Scroll            |       |     8 |       ||     8
         Potion            |       |       |     4 ||     4
 Armour: Scale mail        |    36 |    54 |       ||    90
         Ring mail         |       |    66 |    16 ||    82
  Dodge: Dodged            |    59 |   134 |    22 ||   215
  Block: Buckler           |    21 |    54 |     5 ||    80

Table legend: (Time is in decaauts)
 A = Elapsed time spent in this place.
 B = Non-inter-level travel time spent in this place.
 C = Inter-level travel time spent in this place.
 D = Time resting spent in this place.
 E = Time spent auto-exploring this place.
 F = Levels seen in this place.
 G = Mean time per level.
                   A        B        C        D        E       F      G
               +--------+--------+--------+--------+--------+-----+--------+
         Total |   3823 |   3751 |     72 |    269 |   2781 |   5 |  764.6 |
       Dungeon |   3823 |   3751 |     72 |    269 |   2781 |   5 |  764.6 |
               +--------+--------+--------+--------+--------+-----+--------+

Top non-repeatable levels by time:
     D:2: 960 daAuts
     D:4: 844 daAuts
     D:3: 819 daAuts
     D:1: 816 daAuts
     D:5: 382 daAuts
